 Dungeon Crawl Stone Soup version 0.30-a0-778-g2ef04afb54 (webtiles) character file.

Game seed: 2343548193727919112

49128 Smoke131 the Fighter (level 14, -6/157 HPs)
             Began as an Ogre Gladiator on Feb 17, 2023.
             Was the Champion of Okawaru.
             Mangled by a nine-headed hydra (10 damage)
             ... on level 4 of the Lair of Beasts.
             The game lasted 01:11:13 (23383 turns).

Smoke131 the Fighter (Ogre Gladiator)              Turns: 23383, Time: 01:11:14

Health: -6/157     AC:  9    Str: 21    XL:     14   Next: 49%
Magic:  21/21      EV: 17    Int:  9    God:    Okawaru [******]
Gold:   1138       SH:  0    Dex: 20    Spells: 13/13 levels left

rFire   . . .      SeeInvis .    a - +2 broad axe (vamp)
rCold   + . .      Faith    .    (no shield)
rNeg    . . .      Spirit   .    y - +0 acid dragon scales
rPois   .          Reflect  .    c - +1 hat
rElec   .          Harm     .    V - +0 cloak
rCorr   +          Rampage  .    (gloves unavailable)
Will    +....                    (boots unavailable)
Stlth   ++                       U - amulet of regeneration
HPRegen 1.26/turn                G - ring of Paegonig {rC+ Slay+4 Stlth+}
MPRegen 0.17/turn                Q - +6 ring of dexterity

@: no status effects
A: large, unfitting armour, tough skin 1
a: Renounce Religion, Heroism, Finesse, Duel


You were on level 4 of the Lair of Beasts.
You worshipped Okawaru.
Okawaru was exalted by your worship.
You visited 3 branches of the dungeon, and saw 16 of its levels.
You also visited: Ice Cave.

You collected 1138 gold pieces.

Inventory:

Hand Weapons
 a - a +2 vampiric broad axe (weapon)
 p - the +12 quarterstaff "Duyrirah" {venom, rF- Will+++ Dex+2 SInv}
   (Okawaru gifted it to you in an ice cave)

   Dex:       It affects your dexterity (+2).
   rF:        It makes you vulnerable to fire.
   SInv:      It lets you see invisible.
   Will:      It greatly increases your willpower.
 I - a +4 battleaxe
Missiles
 d - 6 throwing nets
 f - 7 javelins
 h - 2 silver javelins
 n - 92 stones
 q - 6 boomerangs
 z - 3 large rocks (quivered)
 K - 4 poisoned darts
 L - 13 atropa-tipped darts
Armour
 c - a +1 hat (worn)
 u - a +2 robe of fire resistance
 y - +0 acid dragon scales (worn)
 N - a +1 tower shield of cold resistance
 S - the +1 robe of Goeqil {Int+4 Dex+4}
   (You found it on level 3 of the Lair of Beasts)

   Int:       It affects your intelligence (+4).
   Dex:       It affects your dexterity (+4).
 V - a +0 cloak (worn)
Jewellery
 i - a ring of magical power
 o - a ring of wizardry
 r - a +4 ring of protection
 A - an amulet of guardian spirit
 C - a +6 ring of strength
 G - the ring of Paegonig (left hand) {rC+ Slay+4 Stlth+}
   (You found it on level 8 of the Dungeon)

   [ring of slaying]

   Slay:      It affects your accuracy & damage with ranged weapons and melee
   (+4).
   rC:        It protects you from cold.
   Stlth:     It makes you more stealthy.
 Q - a +6 ring of dexterity (right hand)
 U - an amulet of regeneration (around neck)
Wands
 k - a wand of light (4)
 E - a wand of polymorph (11)
 H - a wand of iceblast (11)
 M - a wand of flame (5)
Scrolls
 b - 3 scrolls of teleportation
 m - a scroll of amnesia
 t - 4 scrolls of vulnerability
 B - 2 scrolls of poison
 F - a scroll of identify
 P - 3 scrolls of fear
Potions
 e - 2 potions of resistance {unknown}
 g - 2 potions of flight {unknown}
 j - 4 potions of curing
 l - 4 potions of lignification
 s - 2 potions of brilliance
 v - 5 potions of might
 w - a potion of ambrosia {unknown}
 x - a potion of cancellation {unknown}
 D - a potion of experience {unknown}
 J - 3 potions of magic {unknown}
 O - 2 potions of invisibility
 T - a potion of heal wounds


   Skills:
 + Level 14.8 Fighting
 + Level 9.4 Axes
 + Level 13.1 Throwing
 + Level 12.7 Dodging
 - Level 10.0 Invocations


You had 13 spell levels left.
You didn't know any spells.
Your spell library contained the following spells:

 Spells                   Type           Power      Damage    Failure   Level
 Foxfire                  Conj/Fire      0%         2x1d4     45%         1
 Freeze                   Ice            0%         1d3       45%         1
 Sandblast                Erth           0%         2d4       45%         1
 Slow                     Hex            0%         N/A       45%         1
 Blink                    Tloc           0%         N/A       61%         2
 Cigotuvi's Dreadful Rot  Necr/Pois/Air  0%         N/A       61%         2
 Lesser Beckoning         Tloc           0%         N/A       61%         2
 Momentum Strike          Conj/Tloc      0%         3d8       61%         2
 Passwall                 Tmut/Erth      0%         N/A       61%         2
 Poisonous Vapours        Pois/Air       0%         N/A       61%         2
 Confusing Touch          Hex            0%         N/A       83%         3
 Frozen Ramparts          Ice            0%         1d1       83%         3
 Hailstorm                Conj/Ice       0%         3d3       83%         3
 Kindle Blastsparks       Fire/Tloc/Air  0%         2d10      83%         3
 Mephitic Cloud           Conj/Pois/Air  0%         N/A       83%         3
 Stone Arrow              Conj/Erth      0%         3d7       83%         3
 Vampiric Draining        Necr           0%         2d6       83%         3
 Vhi's Electric Charge    Tloc/Air       0%         N/A       83%         3
 Fulminant Prism          Conj/Hex       0%         3d5       99%         4
 Iskenderun's Mystic Bla  Conj/Tloc      0%         2d3       99%         4
 Passage of Golubria      Tloc           0%         N/A       99%         4
 Iskenderun's Battlesphe  Conj           0%         2d6       100%        5
 Lee's Rapid Deconstruct  Erth           0%         3d4*      100%        5
 Iron Shot                Conj/Erth      0%         9d1       100%        6
 Lehudib's Crystal Spear  Conj/Erth      0%         10d2      100%        8
 Animate Armour           Summ/Erth      Unusable   N/A       N/A         4
 Spellforged Servitor     Conj/Summ      Unusable   N/A       N/A         7

Dungeon Overview and Level Annotations

Branches:
Dungeon (10/15)            Temple (1/1) D:5            Lair (5/5) D:10
 Shoals (0/4) Lair:2       Spider (0/4) Lair:3        Slime (0/5) Lair:5
    Orc (0/2) D:9           IceCv (visited)

Altars:
Ashenzari
Cheibriados
Dithmenos
Elyvilon
Fedhas
Gozag
Hepliaklqana
Kikubaaqudgha
Makhleb
Nemelex Xobeh
Okawaru
Qazlal
Ru
Sif Muna
Trog
Uskayaw
Vehumet
Wu Jian
Xom
Yredelemnul
Zin
The Shining One
Jiyva

Shops:
D:3 (   D:4 (   D:5 *   D:9 (

Annotations:
D:3 3 runed translucent doors, hikkokomori's ghost, amateur GrEE
D:6 3 runed translucent doors, baal32's ghost, amateur HuWr


Innate Abilities, Weirdness & Mutations

You are too large for most types of armour.
You have tough skin. (AC +1)


Message History

The eight-headed hydra misses you.
The eight-headed hydra closely misses you.
The eight-headed hydra barely misses you.
The eight-headed hydra bites you!
* * * LOW HITPOINT WARNING * * *
The eight-headed hydra completely misses you.
The yak gores you!
* * * LOW HITPOINT WARNING * * *
The yak misses you.
The eight-headed hydra closely misses you.
The eight-headed hydra bites you but does no damage.
The eight-headed hydra bites you!
* * * LOW HITPOINT WARNING * * *
The eight-headed hydra misses you.
The eight-headed hydra bites you but does no damage.
The eight-headed hydra misses you.
The eight-headed hydra barely misses you.
The eight-headed hydra misses you. The yak barely misses you.
You slice the yak!!
You feel better.
You kill the yak!
Okawaru accepts your kill. Okawaru grants you a weapon!
Something appears at your feet!
You see here the +5 battleaxe of Riyloat {venom, rPois rF- rCorr Int+4}.
You lop one of the eight-headed hydra's heads off!
The seven-headed hydra grows two more!
You hit the nine-headed hydra.
You feel better.
You hit the yak.
You feel better. The yak misses you.
The nine-headed hydra completely misses you.
The nine-headed hydra barely misses you.
The nine-headed hydra bites you!
* * * LOW HITPOINT WARNING * * *
The nine-headed hydra bites you!
* * * LOW HITPOINT WARNING * * *
The nine-headed hydra bites you but does no damage.
The nine-headed hydra bites you!
* * * LOW HITPOINT WARNING * * *
The nine-headed hydra misses you. The nine-headed hydra bites you.
* * * LOW HITPOINT WARNING * * *
The nine-headed hydra bites you!
You die...

###..>...................#..##. #
#.P............#...............
###..........#######..P..........
##........#### #.............
#.....##..# #..#..........
....P##.### ####..#..........
....###### ####................
..### #.#####.Y.................
...# ##..#.....@................
..## #.#.......†D...............
.P## ##.............###.........
...# #...............###........
.### #...............# #........
.######..............## ##....###
.#..##................# ###..P##
...#†.................# ##÷.#.
....†.......[......#### ####...


You could see a nine-headed hydra and a yak.

Vanquished Creatures
  Kirke (Lair:3)
  A frost giant (IceCv)
  A hydra (Lair:3)
  Harold (Lair:1)
  A catoblepas (Lair:5)
  12 death yaks
  A two-headed ogre (D:9)
  A skyshark (Lair:2)
  Pikel (D:4)
  A wolf spider (Lair:3)
  3 elephants (Lair:5)
  A merfolk siren (Lair:2)
  An ice statue (IceCv)
  7 black mambas
  11 cane toads
  A smoke demon (Lair:5)
  A rime drake (IceCv)
  A kobold demonologist (D:10)
  9 komodo dragons
  15 polar bears
  44 blink frogs
  Grinder (D:3)
  A jumping spider (Lair:3)
  A slime creature (Lair:5)
  3 wyverns
  3 wraiths (D:10)
  A culicivora (Lair:3)
  A hog (Lair:3)
  25 yaks
  3 humans (Lair:3)
  A basilisk (Lair:4)
  2 vampire mosquitoes (D:10)
  A steam dragon (D:8)
  3 wargs (D:9)
  Menkaure (D:4)
  6 small abominations (Lair:5)
  An acid dragon (D:7)
  19 water moccasins
  6 orc warriors
  5 black bears
  2 sky beasts
  2 ogres
  26 wolves
  4 centaurs
  A phantom (D:7)
  2 kobold brigands
  Blork the orc (D:4)
  10 bullfrogs
  A necrophage (D:5)
  3 scorpions
  3 gnoll sergeants (D:7)
  A wight (D:8)
  3 howler monkeys (D:10)
  5 jellies
  4 hounds
  7 orc priests
  5 orc wizards
  Ijyb (D:5)
  2 iguanas
  5 hell rats (Lair:1)
  9 gnolls
  4 adders
  10 river rats (Lair:1)
  2 white imps
  2 worms
  4 dart slugs
  20 orcs
  3 endoplasms
  3 giant cockroaches
  6 goblins
  4 hobgoblins
  2 jackals (D:1)
  13 kobolds
  13 quokkas
  10 ball pythons
  3 bats
  A frilled lizard (D:3)
  16 rats
  A bush (D:6)
413 creatures vanquished.

Vanquished Creatures (collateral kills)
  Duvessa (D:6)
  Dowan (D:6)
2 creatures vanquished.

Vanquished Creatures (others)
  77 fungi
  65 plants
142 creatures vanquished.

Grand Total: 557 creatures vanquished

Notes
Turn   | Place    | Note
-------+----------+-------------------------------------------
     0 | D:1      | Smoke131 the Ogre Gladiator began the quest for the Orb.
     0 | D:1      | Reached XP level 1. HP: 22/22 MP: 1/1
   171 | D:1      | Reached skill level 3 in Fighting
   171 | D:1      | Reached XP level 2. HP: 22/31 MP: 2/2
  1148 | D:2      | Reached XP level 3. HP: 30/37 MP: 3/3
  1433 | D:2      | Found a faded altar of an unknown god.
  1793 | D:2      | Reached XP level 4. HP: 39/46 MP: 4/4
  1948 | D:3      | Found a runed translucent gate.
  1948 | D:3      | Found a runed translucent gate.
  1948 | D:3      | Found a runed translucent gate.
  1949 | D:3      | Noticed a kobold brigand
  1950 | D:3      | Noticed hikkokomori's ghost (amateur GrEE)
  2356 | D:3      | Noticed Grinder
  2358 | D:3      | Killed Grinder
  2359 | D:3      | Reached skill level 5 in Fighting
  2359 | D:3      | Reached XP level 5. HP: 57/57 MP: 5/5
  2359 | D:3      | Reached XP level 6. HP: 66/66 MP: 6/6
  2436 | D:3      | Found Xokhled's Antique Weapon Shoppe.
  2880 | D:4      | Noticed a black bear
  2880 | D:4      | Found Ureruosk's Antique Weapon Boutique.
  3289 | D:4      | Noticed Menkaure
  3291 | D:4      | Killed Menkaure
  3292 | D:4      | Reached XP level 7. HP: 39/74 MP: 7/7
  3292 | D:4      | Noticed Blork the orc
  3294 | D:4      | Killed Blork the orc
  3295 | D:4      | Reached skill level 6 in Fighting
  3833 | D:4      | Found a shimmering blue altar of Sif Muna.
  3900 | D:4      | Noticed Pikel
  3903 | D:4      | Killed Pikel
  3904 | D:4      | Reached skill level 7 in Fighting
  3904 | D:4      | Reached skill level 5 in Throwing
  3904 | D:4      | Reached skill level 5 in Dodging
  3904 | D:4      | Reached XP level 8. HP: 87/87 MP: 8/8
  4053 | D:4      | Noticed a wyvern
  4058 | D:4      | Killed a wyvern
  4158 | D:5      | Entered Level 5 of the Dungeon
  4638 | D:5      | Noticed Ijyb
  4661 | D:5      | Killed Ijyb
  4662 | D:5      | Reached skill level 8 in Fighting
  4834 | D:5      | Found Zaihaq's Gadget Gallery.
  5128 | D:5      | Found a staircase to the Ecumenical Temple.
  5139 | Temple   | Entered the Ecumenical Temple
  5376 | D:6      | Noticed Duvessa
  5382 | D:6      | Noticed Dowan
  5384 | D:6      | Killed Duvessa
  5385 | D:6      | Reached XP level 9. HP: 81/97 MP: 9/9
  5389 | D:6      | Killed Dowan
  5599 | D:6      | Identified the +10 chain mail of the Pear {Dex+3}
  5601 | D:6      | Found a runed translucent gate.
  5603 | D:6      | Noticed baal32's ghost (amateur HuWr)
  5605 | D:6      | Reached skill level 9 in Fighting
  5880 | D:6      | Found a runed translucent gate.
  5881 | D:6      | Found a runed translucent gate.
  6054 | D:6      | Found a radiant altar of Vehumet.
  6972 | D:7      | Found a stormy altar of Qazlal.
  7076 | D:7      | Reached skill level 10 in Fighting
  7089 | D:7      | Found a large runed translucent door.
  7092 | D:7      | Found a large runed translucent door.
  7554 | D:7      | Found a shadowy altar of Dithmenos.
  7591 | D:7      | Found an iron altar of Okawaru.
  7604 | D:7      | Became a worshipper of Warmaster Okawaru
  7731 | D:8      | Reached skill level 1 in Invocations
  7982 | D:8      | Reached XP level 10. HP: 93/110 MP: 11/11
  8237 | D:8      | Identified the ring of Paegonig {rC+ Slay+4 Stlth+}
  8513 | D:8      | Found a snail-covered altar of Cheibriados.
  9394 | D:9      | Found a staircase to the Orcish Mines.
  9424 | D:9      | Reached * piety under Okawaru
  9841 | D:9      | Found Xorap's Antique Weapon Shoppe.
 10558 | D:10     | Entered Level 10 of the Dungeon
 10558 | D:10     | Noticed a two-headed ogre
 10670 | D:9      | Killed a two-headed ogre
 10670 | D:9      | Reached ** piety under Okawaru
 11117 | D:10     | Noticed a kobold demonologist
 11431 | D:10     | Noticed a smoke demon
 11438 | D:10     | Killed a kobold demonologist
 11499 | D:10     | Reached *** piety under Okawaru
 11500 | D:10     | Reached skill level 10 in Throwing
 11500 | D:10     | Reached XP level 11. HP: 108/117 MP: 12/14
 11561 | D:10     | Found a staircase to the Lair.
 11581 | D:10     | Reached skill level 5 in Invocations
 12301 | D:10     | Reached skill level 10 in Dodging
 12504 | Lair:1   | Entered Level 1 of the Lair of Beasts
 12504 | Lair:1   | Noticed Harold
 12753 | Lair:1   | Killed Harold
 12997 | Lair:1   | Reached **** piety under Okawaru
 13906 | D:10     | Received a gift from Okawaru
 14265 | Lair:1   | Reached ***** piety under Okawaru
 14568 | Lair:1   | Noticed a death yak
 14640 | Lair:1   | Killed a death yak
 14747 | Lair:1   | Noticed a death yak
 14747 | Lair:1   | Noticed a death yak
 14777 | Lair:1   | Noticed a death yak
 14791 | D:10     | Killed a death yak
 14791 | D:10     | Received a gift from Okawaru
 14792 | D:10     | Reached skill level 10 in Invocations
 14960 | Lair:1   | Noticed a death yak
 15033 | D:10     | Killed a death yak
 15235 | D:10     | Killed a death yak
 15247 | D:10     | Killed a death yak
 15248 | D:10     | Reached XP level 12. HP: 119/127 MP: 6/19
 16118 | Lair:1   | Reached skill level 11 in Fighting
 16572 | Lair:2   | Reached skill level 5 in Axes
 16681 | Lair:2   | Found a white marble altar of Elyvilon.
 16768 | Lair:2   | Received a gift from Okawaru
 17587 | Lair:2   | Found a staircase to the Shoals.
 17659 | Lair:3   | Received a gift from Okawaru
 18117 | Lair:2   | Received a gift from Okawaru
 18400 | Lair:2   | Reached skill level 12 in Fighting
 18679 | Lair:3   | Received a gift from Okawaru
 19048 | Lair:3   | Reached XP level 13. HP: 132/140 MP: 20/20
 19124 | Lair:3   | Noticed Kirke
 19140 | Lair:3   | Killed Kirke
 19140 | Lair:3   | Received a gift from Okawaru
 19191 | Lair:3   | Identified the +1 robe of Goeqil {Int+4 Dex+4}
 19283 | Lair:3   | Found a hole to the Spider Nest.
 20432 | Lair:4   | Got the Compendium of Blistering Shifting
 20445 | Lair:4   | Reached skill level 13 in Fighting
 20715 | Lair:4   | Received a gift from Okawaru
 21505 | Lair:5   | Entered Level 5 of the Lair of Beasts
 21512 | Lair:4   | Received a gift from Okawaru
 21573 | Lair:5   | Found a frozen archway.
 21584 | IceCv    | Entered an ice cave
 21711 | IceCv    | Received a gift from Okawaru
 22079 | IceCv    | Reached ****** piety under Okawaru
 22133 | IceCv    | Identified the +12 quarterstaff "Duyrirah" {venom, rF-
                  | Will+++ Dex+2 SInv} (Okawaru gifted it to you in an ice
                  | cave)
 22133 | IceCv    | Received a gift from Okawaru
 22158 | IceCv    | Reached skill level 14 in Fighting
 22158 | IceCv    | Reached XP level 14. HP: 151/156 MP: 21/21
 22239 | IceCv    | Noticed a frost giant
 22604 | IceCv    | Killed a frost giant
 22925 | Lair:5   | Found a staircase to the Slime Pits.
 22926 | Lair:5   | Found a viscous altar of Jiyva.
 22928 | Lair:5   | Received a gift from Okawaru
 23383 | Lair:4   | Identified the +5 battleaxe of Riyloat {venom, rPois rF-
                  | rCorr Int+4} (Okawaru gifted it to you on level 4 of the
                  | Lair of Beasts)
 23383 | Lair:4   | Received a gift from Okawaru
 23383 | Lair:4   | HP: 7/157 [nine-headed hydra (8)]
 23383 | Lair:4   | Mangled by a nine-headed hydra

Illustrated notes

Levels and vault maps discovered:
D:1:      shiori_angband_town, layout_basic
D:2:      layout_basic, shapermc_ecumenical_altar_starsandcircs,
          minmay_shallow_snake_nest
D:3:      layout_basic, gammafunk_ghost_nasty_kobolds, serial_shops,
          nicolae_shop_crystal, amcnicky_mini_rare_corridor_liquid, uniq_grinder
D:4:      layout_layer_cave, lemuel_doored_altar, serial_shops,
          nicolae_shop_stone, uniq_blork_the_orc, uniq_menkaure, uniq_pikel
D:5:      layout_rooms, minmay_temple_entry_nine_rooms,
          kennysheep_cross_bottleneck, nicolae_shop_gadgets, uniq_ijyb
D:6:      layout_gridville, mainiacjoe_overflow_24_doors,
          biasface_ghost_orc_armoury, kb_lookout_dungeons_type, uniq_duvessa
D:7:      layout_basic, nicolae_qazlal_eye_of_the_storm, jmf_multi_god_temple2,
          grunt_ministairs_13, minmay_misc_feat_rugged
D:8:      layout_loops_ring, kennysheep_little_box, st_stairs_3
D:9:      layout_irregular_city, david_orc_1_choice, serial_shops,
          nicolae_shop_crystal, nrook_campfire, hangedman_decor_growths
D:10:     layout_cave_pods, due_lair_maze_entry_diamond, grunt_decor_junction,
          dreamdust_mushroom_princess
Temple:   kb_temple_of_zot
Lair:1:   lemuel_ratsnest, layout_regular_city, uniq_harold
Lair:2:   layout_regular_city, minmay_shoals_entry_lonely_mermaid, basic_altar,
          lightli_volcano_entry_magma_tube, patterned_corridor,
          infiniplex_staircase_pool
Lair:3:   layout_regular_city, spider_nest_entry_funnel_web, grunt_megastairs_5,
          infiniplex_staircase_pool_2, uniq_kirke
Lair:4:   layout_cave_pods
Lair:5:   hellmonk_lair_end_abyssal_woods, layout_long_grid,
          minmay_slime_entry_pillars, portal_ice_cave_entry_pillars_2

Skill      XL: |  1  2  3  4  5  6  7  8  9 10 11 12 13 14 |
---------------+-------------------------------------------+-----
Fighting       | 3 5 7 8 10 12 14 | 14.8
Dodging        | 3 4 5 6 7 9 10 11 12 | 12.7
Throwing       | 3 4 5 6 8 10 11 12 13 | 13.1
Invocations    | 1 4 10 | 10.0
Axes           | 4 6 8 9 |  9.4

Action                     |  1- 3 |  4- 6 |  7- 9 | 10-12 | 13-15 || total
---------------------------+-------+-------+-------+-------+-------++-------
  Melee: War axe           |    96 |    70 |       |       |       ||   166
         Punch             |     1 |     1 |     5 |     9 |    14 ||    30
         Scimitar          |       |       |   315 |       |       ||   315
         Whip              |       |       |    31 |   349 |       ||   380
         Broad axe         |       |       |       |   324 |   612 ||   936
  Throw: Stone             |       |       |     9 |     2 |       ||    11
         Large rock        |       |       |     1 |     1 |    10 ||    12
         Dart              |       |       |     4 |    75 |     9 ||    88
         Boomerang         |       |       |       |    25 |     8 ||    33
         Javelin           |       |       |       |       |     5 ||     5
 Invoke: Heroism           |       |       |       |     2 |     3 ||     5
         Finesse           |       |       |       |     1 |     3 ||     4
  Evoke: Wand              |       |     4 |    13 |     9 |       ||    26
    Use: Scroll            |       |     7 |     4 |    17 |     2 ||    30
         Potion            |       |       |     1 |    10 |     1 ||    12
   Stab: Sleeping          |     1 |       |     1 |     4 |     1 ||     7
         Distracted        |       |       |       |       |     2 ||     2
 Armour: Robe              |    26 |    30 |    85 |       |       ||   141
         Acid dragon scale |       |       |   123 |   178 |   192 ||   493
  Dodge: Dodged            |    49 |    37 |   257 |   567 |   685 ||  1595

Table legend: (Time is in decaauts)
 A = Elapsed time spent in this place.
 B = Non-inter-level travel time spent in this place.
 C = Inter-level travel time spent in this place.
 D = Time resting spent in this place.
 E = Time spent auto-exploring this place.
 F = Levels seen in this place.
 G = Mean time per level.
                   A        B        C        D        E       F      G
               +--------+--------+--------+--------+--------+-----+--------+
         Total |  23651 |  23092 |    559 |   6127 |  10654 |  17 | 1391.2 |
       Dungeon |  13621 |  13209 |    412 |   3062 |   7242 |  10 | 1362.1 |
        Temple |    128 |    128 |      0 |      0 |    101 |   1 |  128.0 |
          Lair |   8702 |   8555 |    147 |   2838 |   3079 |   5 | 1740.4 |
      Ice Cave |   1199 |   1199 |      0 |    227 |    232 |   1 | 1199.0 |
               +--------+--------+--------+--------+--------+-----+--------+

Top non-repeatable levels by time:
  Lair:1: 2994 daAuts
    D:10: 2759 daAuts
  Lair:2: 1911 daAuts
  Lair:3: 1741 daAuts
     D:9: 1606 daAuts
     D:8: 1548 daAuts
  Lair:4: 1495 daAuts
     D:7: 1276 daAuts
     D:4: 1221 daAuts
   IceCv: 1199 daAuts
     D:6: 1108 daAuts
     D:5: 1104 daAuts
     D:3: 1081 daAuts
     D:1: 1064 daAuts
     D:2: 850 daAuts
